 Dungeon Crawl Stone Soup version 0.27-a0-909-g0721f309d1 (webtiles) character file.

Game seed: 13522371702585442548

44 robertstho the Chiller (level 3, -6/27 HPs)
             Began as a Demigod Ice Elementalist on Apr 8, 2021.
             Engulfed by a steam dragon's steam (8 damage)
             ... on level 2 of the Dungeon.
             The game lasted 00:02:08 (2988 turns).

robertstho the Chiller (Demigod Ice Elementalist)   Turns: 2988, Time: 00:02:09

Health: -6/27      AC:  4    Str:  9    XL:     3   Next: 23%
Magic:  9/9        EV: 12    Int: 21    God:
Gold:   59         SH:  0    Dex: 14    Spells: 5/6 levels left

rFire    . . .     SeeInvis .   e - +0 dagger
rCold    . . .     Faith    .   (no shield)
rNeg     . . .     Spirit   .   a - +0 robe
rPois    .         Reflect  .   (no helmet)
rElec    .         Harm     .   g - +0 cloak
rCorr    .         Rampage  .   b - +0 pair of gloves
Will     .....                  (no boots)
Stlth    ++........             (no amulet)
HPRegen  0.09/turn              (no ring)
MPRegen  0.11/turn              (no ring)

@: no status effects
A: high mp 1, forlorn
a: no special abilities


You were on level 2 of the Dungeon.
You visited 1 branch of the dungeon, and saw 2 of its levels.

You collected 59 gold pieces.

Inventory:

Hand Weapons
 e - a +0 dagger (weapon)
Armour
 a - a +0 robe (worn)
 b - a +0 pair of gloves (worn)
 g - a +0 cloak (worn)
Scrolls
 d - a scroll of noise {unknown}
 i - a scroll of amnesia {unknown}
 j - a scroll of enchant armour {unknown}
Potions
 c - 2 potions of curing {unknown}
 f - a potion of brilliance {unknown}
 h - a potion of resistance {unknown}


   Skills:
 + Level 0.4 Fighting
 + Level 0.1 Short Blades
 + Level 1.8 Dodging
 + Level 1.8 Stealth
 * Level 2.3 Spellcasting
 * Level 4.2 Ice Magic


You had 5 spell levels left.
You knew the following spells:

 Your Spells              Type           Power      Damage    Failure   Level
a - Freeze                Ice            80%        1d9       2%          1

Your spell library contained the following spells:

 Spells                   Type           Power      Damage    Failure   Level
 Frozen Ramparts          Ice            40%        1d6       8%          3
 Ozocubu's Armour         Ice            20%        N/A       8%          3
 Hailstorm                Conj/Ice       11%        3d5       52%         4
 Summon Ice Beast         Ice/Summ       11%        N/A       52%         4


Dungeon Overview and Level Annotations

Branches:
Dungeon (2/15)

Shops:
D:1 (


Innate Abilities, Weirdness & Mutations

Your attributes grow dramatically as you level up.
You have an increased reservoir of magic. (+10% MP)
You shall have no god before yourself.


Message History

An adder is nearby!
An adder is nearby!
The adder closely misses you.
You miss the adder. The adder misses you.
Casting: Freeze (safe; 2% risk of failure)
Confirm with . or Enter, or press ? or * to list all spells.
Aiming: Freeze (safe; 2% risk of failure)
Press: ? - help, Shift-Dir - straight line, f - adder
Aim: an adder You freeze the adder!
The adder is severely wounded.
The adder bites you. The adder barely misses you.
Casting: Freeze (safe; 2% risk of failure)
Confirm with . or Enter, or press ? or * to list all spells.
Aiming: Freeze (safe; 2% risk of failure)
Press: ? - help, Shift-Dir - straight line, f/p - adder
Aim: an adder (severely wounded)
You freeze the adder!
You kill the adder!
You open the door.
A steam dragon comes into view.
A steam dragon is nearby!
A steam dragon is nearby!
A steam dragon is nearby!
A steam dragon is nearby!
The steam dragon hisses angrily.
The steam dragon breathes steam at you. The ball of steam hits you!
Ouch! That really hurt!
There is an open door here.
You are too injured to fight recklessly!
You are too injured to fight recklessly!
The steam dragon breathes steam at you. The ball of steam misses you.
There is an open door here.
You are engulfed in a cloud of scalding steam.
* * * LOW HITPOINT WARNING * * *
As you close the door, it creaks loudly!
You are engulfed in a cloud of scalding steam.
You die...

#.# #........#.##............
#'##### ########.#...............
......##### #.###.............
..........######.# #.............
........#........###.............
......#.#........#..............
......#.#....§.§§#..............
......#.#.....§§§##.#.........#
......#.#....§§.@+§§..........#
......#.#.....§§.##.#D........#
........#........##.#........$#
#########.#########.####'#....#
#######.# #.# #§#....# #.......#
#.# #§# ..# #.########## #.# #D#
.# #..........# #.####.# #
##########.# #....#.#


There were no monsters in sight!

Vanquished Creatures
  An adder (D:2)
  2 dart slugs (D:1)
  3 bats
  7 endoplasms
  2 giant cockroaches (D:1)
  3 goblins
  4 kobolds
  5 ball pythons
  A frilled lizard (D:2)
  A rat (D:2)
29 creatures vanquished.

Vanquished Creatures (others)
  A plant (D:1)
1 creature vanquished.

Grand Total: 30 creatures vanquished

Notes
Turn   | Place    | Note
-------+----------+-------------------------------------------
     0 | D:1      | robertstho the Demigod Ice Elementalist began the quest for
                  | the Orb.
     0 | D:1      | Reached XP level 1. HP: 14/14 MP: 5/5
   826 | D:1      | Reached XP level 2. HP: 17/22 MP: 5/7
   901 | D:1      | Reached skill level 4 in Ice Magic
  1055 | D:1      | Found Ofiont's Weapon Shoppe.
  2729 | D:2      | Reached XP level 3. HP: 27/27 MP: 6/9
  2978 | D:2      | Noticed a steam dragon
  2988 | D:2      | Engulfed by a steam dragon's steam

Illustrated notes

Levels and vault maps discovered:
D:1:      lemuel_arrival_broad_hall, layout_basic, serial_shops, shop,
          hangedman_feature_mirror, st_stairs_6, serial_bayou_pond_b
D:2:      layout_basic, basic_ecumenical_altar

Skill      XL: |  1  2 |
---------------+-------+-----
Spellcasting   | 2 |  2.3
Ice Magic      | 4 |  4.2
Fighting       | |  0.4
Short Blades   | |  0.1
Dodging        | |  1.8
Stealth        | |  1.8

Action                   || total
-------------------------++-------
Melee: Unarmed           ||    19
       Dagger            ||    56
 Cast: Freeze            ||    37
 Stab: Sleeping          ||     2
Armor: Robe              ||    31
Dodge: Dodged            ||    64

Table legend: (Time is in decaauts)
 A = Elapsed time spent in this place.
 B = Non-inter-level travel time spent in this place.
 C = Inter-level travel time spent in this place.
 D = Time resting spent in this place.
 E = Time spent auto-exploring this place.
 F = Levels seen in this place.
 G = Mean time per level.
                   A        B        C        D        E       F      G
               +--------+--------+--------+--------+--------+-----+--------+
         Total |   2990 |   2834 |    156 |    345 |   2235 |   2 | 1495.0 |
       Dungeon |   2990 |   2834 |    156 |    345 |   2235 |   2 | 1495.0 |
               +--------+--------+--------+--------+--------+-----+--------+

Top non-repeatable levels by time:
     D:1: 2141 daAuts
     D:2: 848 daAuts
